 Dungeon Crawl Stone Soup version 0.28-a0-1510-gd0f6b136d3 (webtiles) character file.

Game seed: 3256921211557576358

28 psuckher the Ducker (level 2, 0/22 HPs)
             Began as a Demonspawn Gladiator on Jan 14, 2022.
             Slain by a rat (3 damage)
             ... on level 2 of the Dungeon.
             The game lasted 00:02:53 (713 turns).

psuckher the Ducker (Demonspawn Gladiator)           Turns: 713, Time: 00:02:53

Health: 0/22       AC:  5    Str: 14    XL:     2   Next: 96%
Magic:  2/2        EV: 12    Int:  9    God:
Gold:   52         SH:  0    Dex: 14    Spells: 1/1 levels left

rFire   . . .      SeeInvis .   a - +0 flail
rCold   . . .      Faith    .   (no shield)
rNeg    . . .      Spirit   .   b - +0 leather armour
rPois   .          Reflect  .   c - +0 helmet
rElec   .          Harm     .   (no cloak)
rCorr   .          Rampage  .   (no gloves)
Will    .....                   (no boots)
Stlth   +.........              (no amulet)
HPRegen 0.07/turn               (no ring)
MPRegen 0.08/turn               (no ring)

@: no status effects
A: rugged brown scales 1
a: no special abilities


You were on level 2 of the Dungeon.
You visited 1 branch of the dungeon, and saw 2 of its levels.

You collected 52 gold pieces.

Inventory:

Hand Weapons
 a - a +0 flail (weapon)
Missiles
 d - 3 throwing nets (quivered)
Armour
 b - a +0 leather armour (worn)
 c - a +0 helmet (worn)
Magical Staves
 f - a staff of poison
Scrolls
 h - a scroll of identify {unknown}
Potions
 e - a potion of degeneration {unknown}
 g - a potion of berserk rage {unknown}


   Skills:
 + Level 2.1 Fighting
 + Level 3.0 Maces & Flails
 + Level 1.9 Throwing
 + Level 0.2 Armour
 + Level 3.2 Dodging
 + Level 0.1 Stealth


You had one spell level left.
You didn't know any spells.
Your spell library was empty.

Dungeon Overview and Level Annotations

Branches:
Dungeon (2/15)

Altars:


Innate Abilities, Weirdness & Mutations

You are partially covered in rugged brown scales. (AC +1, +3% HP)


Message History

The rat bites you but does no damage.
You barely miss the adder.
The adder is almost dead.
You feel sick. The adder closely misses you. The rat misses you.
The adder barely misses you.
You miss the adder.
The adder is almost dead.
You feel sick. The rat barely misses you. The adder bites you.
The rat misses you.
You miss the adder.
The adder is almost dead.
You feel sick.
You are no longer poisoned.
The adder completely misses you. The adder closely misses you.
The rat barely misses you.
You closely miss the adder.
The adder is almost dead.
The adder barely misses you. The rat bites you.
The adder bites you but does no damage.
You closely miss the adder.
The adder is severely wounded.
The rat closely misses you. The adder misses you.
You hit the adder.
You kill the adder!
The rat bites you but does no damage. The goblin hits you but does no damage.
The rat bites you.
Your Maces & Flails skill increases to level 3!
You miss the goblin. The goblin closely misses you.
The rat bites you but does no damage.
You sock the goblin!
You kill the goblin!
The rat bites you.
* * * LOW HITPOINT WARNING * * *
You closely miss the rat.
The rat twitches its whiskers.
The rat bites you but does no damage. The rat barely misses you.
You hit the rat but do no damage. The rat bites you.
* * * LOW HITPOINT WARNING * * *
The rat barely misses you. The rat bites you.
You die...

# ... ... # .. # #..# .. #
.... # .. # .#...# ..#.
#.... # ..#.##....# ..##...
# .#.#.#....# ...!.. #
.##.#.....# # #BK.# #
..##......#.# ##rr# #
..........#.###.@# ...
...†.............# ...
..##.......##....# .(.
.##.#......##.###### ...
.#.#.#.............# ...
..#.##.............########
...
...##.#...................##
..
.....#.#..........÷........#
......##...................#


You could see a giant cockroach, a kobold and 2 rats.

Vanquished Creatures
  2 adders (D:2)
  2 ball pythons
  An endoplasm (D:1)
  2 goblins
  A hobgoblin (D:2)
  3 rats
11 creatures vanquished.

Notes
Turn   | Place    | Note
-------+----------+-------------------------------------------
     0 | D:1      | psuckher the Demonspawn Gladiator began the quest for the
                  | Orb.
     0 | D:1      | Reached XP level 1. HP: 16/16 MP: 1/1
   162 | D:1      | You fall into a shaft and drop 1 floor!
   477 | D:2      | Gained mutation: You are partially covered in rugged brown
                  | scales. (AC +1, +3% HP) [demonic ancestry]
   477 | D:2      | Reached XP level 2. HP: 15/22 MP: 2/2
   713 | D:2      | Slain by a rat

Illustrated notes

Levels and vault maps discovered:
D:1:      saegor_arrival_simple_e, layout_rooms, basic_ecumenical_altar
D:2:      layout_basic, minmay_misc_feat_tiny, hangedman_decor_clover_reticule,
          minmay_misc_feat_secret_circle, minmay_bisected

Skill      XL: |  1  2 |
---------------+-------+-----
Dodging        | 3 |  3.2
Maces & Flails | 3 |  3.0
Fighting       | |  2.1
Throwing       | |  1.9
Armour         | |  0.2
Stealth        | |  0.1

Action                   || total
-------------------------++-------
Melee: Flail             ||    33
 Stab: Sleeping          ||     1
Armor: Leather armour    ||    13
Dodge: Dodged            ||    34

Table legend: (Time is in decaauts)
 A = Elapsed time spent in this place.
 B = Non-inter-level travel time spent in this place.
 C = Inter-level travel time spent in this place.
 D = Time resting spent in this place.
 E = Time spent auto-exploring this place.
 F = Levels seen in this place.
 G = Mean time per level.
                   A        B        C        D        E       F      G
               +--------+--------+--------+--------+--------+-----+--------+
         Total |    721 |    680 |     41 |      0 |      0 |   2 |  360.5 |
       Dungeon |    721 |    680 |     41 |      0 |      0 |   2 |  360.5 |
               +--------+--------+--------+--------+--------+-----+--------+

Top non-repeatable levels by time:
     D:2: 557 daAuts
     D:1: 163 daAuts
